 Dungeon Crawl Stone Soup version 0.32-a0-136-gc02482bde3 (webtiles) character file.

Game seed: 15843801384349705457

5 drugrobin the Sneak (level 1, 0/18 HPs)
             Began as a Demigod Delver on Feb 10, 2024.
             Slain by a gnoll
             ... wielding a +0 spear
              (6 damage)
             ... on level 4 of the Dungeon.
             The game lasted 00:02:45 (390 turns).

drugrobin the Sneak (Demigod Delver)                 Turns: 390, Time: 00:02:46

Health: 0/18       AC:  3    Str: 13    XL:     1   Next: 53%
Magic:  3/3        EV: 11    Int: 12    God:
Gold:   20         SH:  0    Dex: 15    Spells: 0/0 levels left

rFire   . . .        a - +0 mace
rCold   . . .        (no shield)
rNeg    . . .        j - +0 leather armour
rPois   .            (no helmet)
rElec   .            (no cloak)
rCorr   .            (no gloves)
SInv    .            (no boots)
Will    .....        (no amulet)
Stlth   +++          (no ring)
HPRegen 0.23/turn    (no ring)
MPRegen 0.08/turn

%: no passive effects
@: mighty
A: high MP 1, forlorn, divine attributes
a: no special abilities


You were on level 4 of the Dungeon.
You visited 1 branch of the dungeon, and saw 2 of its levels.

You collected 20 gold pieces.

Inventory:

Hand Weapons
 a - a +0 mace (weapon)
 b - a +0 sling
Missiles
 d - 4 poisoned darts (quivered)
Armour
 j - a +0 leather armour (worn)
Wands
 g - a wand of digging (2)
Scrolls
 c - a scroll of fog
 e - a scroll of revelation
 h - a scroll of identify {unknown}
 i - 2 scrolls of fear
Potions
 f - a potion of haste


   Skills:
 - Level 2.6 Fighting
 + Level 2.2 Maces & Flails
 - Level 1.7 Dodging
 - Level 4.5 Stealth


You couldn't memorise any spells.
You didn't know any spells.
Your spell library was empty.

Dungeon Overview and Level Annotations

Branches:
Dungeon (5/15)
 Temple: D:4-7

Portals:
Sewer: D:4

Annotations:
D:4 exclusion: adder
D:5 exclusions: 2 orcs and scorpion, Grinder


Innate Abilities, Weirdness & Mutations

You have an increased reservoir of magic. (+10% MP)
You shall have no god before yourself.
Your divine heritage dramatically boosts your attributes as you level up.


Message History

The hobgoblin barely misses you. x2
Unknown command.
Unknown command.
You hit the hobgoblin.
You kill the hobgoblin!
The giant cockroach misses you. The gnoll closely misses you.
Unknown command.
Unknown command.
You hit the giant cockroach.
The giant cockroach is almost dead.
The giant cockroach completely misses you.
The gnoll barely misses you.
The giant cockroach bites you but does no damage.
Unknown command.
Unknown command.
You barely miss the giant cockroach.
The giant cockroach is almost dead.
The gnoll hits you from afar with a +0 spear.
The giant cockroach barely misses you.
Unknown command.
Unknown command.
You completely miss the giant cockroach.
The giant cockroach is almost dead.
The giant cockroach bites you but does no damage.
The gnoll misses you.
The giant cockroach bites you but does no damage.
The gnoll closely misses you.
Unknown command.
Unknown command.
It was a potion of might.
You feel very mighty all of a sudden. The giant cockroach misses you.
The gnoll hits you from afar with a +0 spear.
Unknown command.
Unknown command.
You closely miss the giant cockroach.
The giant cockroach is almost dead.
The giant cockroach barely misses you.
The gnoll hits you from afar with a +0 spear.
You die...

#####.#.#
#.#
......#B#
#.#
.###.##.#
#.#
#..##g#
#g#
##.###g#
#.#
#..###.#
#B#
#.###.g#
#.##
#.###..#
####B#
##......#
#(@#.#
....##..#
#((Bg#
.##†##..#
####.#
....##..#
..#
######..#
..#
#.......#
...#
#.......#
...#
#..g....#
.....
#.......#
##


You could see a gnoll and a giant cockroach.

Vanquished Creatures
  An orc (D:4)
  2 hobgoblins (D:4)
  A ball python (D:4)
4 creatures vanquished.

Notes
Turn   | Place    | Note
-------+----------+-------------------------------------------
     0 | D:5      | drugrobin the Demigod Delver began the quest for the Orb.
     0 | D:5      | Reached XP level 1. HP: 18/18 MP: 3/3
    10 | D:5      | Noticed Grinder
    32 | D:5      | Noticed a scorpion
    76 | D:5      | Noticed an iguana
   130 | D:5      | Noticed an orc wizard
   138 | D:5      | Noticed a scorpion
   206 | D:4      | Found a glowing drain.
   261 | D:4      | Noticed an iguana
   390 | D:4      | Slain by a gnoll

Illustrated notes

Levels and vault maps discovered:
D:4:      layout_basic, gup_sewer_entry_glass, nicolae_stop_n_shop_1,
          supply_closet_lemuel, dk_vineyard_1, uniq_ijyb
D:5:      layout_basic, marbit_many_paths, st_stairs_12,
          dreamdust_princess_bridge, hangedman_minor_gate_pass, uniq_menkaure,
          uniq_grinder, uniq_duvessa

Skill      XL: |  1 |
---------------+----+-----
Maces & Flails | 2 |  2.2
Fighting       | |  2.6
Dodging        | |  1.7
Stealth        | |  4.5

Action                     || total
---------------------------++-------
  Melee: Mace              ||    22
         Punch             ||     2
  Throw: Dart              ||     1
  Evoke: Wand              ||     1
    Use: Scroll            ||     2
         Potion            ||     1
   Stab: Sleeping          ||     1
 Armour: Leather armour    ||    22
  Dodge: Dodged            ||    19

Table legend: (Time is in decaauts)
 A = Elapsed time spent in this place.
 B = Non-inter-level travel time spent in this place.
 C = Inter-level travel time spent in this place.
 D = Time resting spent in this place.
 E = Time spent auto-exploring this place.
 F = Levels seen in this place.
 G = Mean time per level.
                   A        B        C        D        E       F      G
               +--------+--------+--------+--------+--------+-----+--------+
         Total |    396 |    396 |      0 |      0 |    113 |   2 |  198.0 |
       Dungeon |    396 |    396 |      0 |      0 |    113 |   2 |  198.0 |
               +--------+--------+--------+--------+--------+-----+--------+

Top non-repeatable levels by time:
     D:4: 243 daAuts
     D:5: 153 daAuts
